 Dungeon Crawl Stone Soup version 0.28.0-45-g0d030f2227 (webtiles) character file.

Game seed: 577596540536500083

8 Ablot the Cutter (level 2, 0/29 HPs)
             Began as a Gnoll Chaos Knight on Apr 11, 2022.
             Was a Plaything of Xom.
             Slain by a deep troll (glowing shapeshifter) (16 damage)
             ... on level 1 of the Dungeon.
             The game lasted 00:00:18 (190 turns).

Ablot the Cutter (Gnoll Chaos Knight)                Turns: 190, Time: 00:00:19

Health: 0/29       AC:  5    Str: 11    XL:     2   Next: 8%
Magic:  2/2        EV: 11    Int: 11    God:    Xom [..*...]
Gold:   29         SH:  0    Dex: 11    Spells: 1/1 levels left

rFire   . . .      SeeInvis .   a - +0 short sword (chaos)
rCold   . . .      Faith    .   (no shield)
rNeg    . . .      Spirit   .   b - +2 leather armour
rPois   .          Reflect  .   (no helmet)
rElec   .          Harm     .   (no cloak)
rCorr   .          Rampage  .   (no gloves)
Will    .....                   (no boots)
Stlth   +.........              (no amulet)
HPRegen 0.09/turn               (no ring)
MPRegen 0.08/turn               (no ring)

@: hasted, very quick
A: fangs 1, strong nose, distributed training
a: Renounce Religion


You were on level 1 of the Dungeon.
You worshipped Xom.
You were a toy of Xom.
You visited 1 branch of the dungeon, and saw 1 of its levels.

You collected 29 gold pieces.

Inventory:

Hand Weapons
 a - a +0 short sword of chaos (weapon)
Missiles
 c - 31 stones (quivered)
Armour
 b - a +2 leather armour (worn)


   Skills:
 + Level 6.4 Fighting
 + Level 6.4 Short Blades
 + Level 0.2 Long Blades
 + Level 0.2 Axes
 + Level 0.2 Maces & Flails
 + Level 0.2 Polearms
 + Level 0.2 Staves
 + Level 0.2 Slings
 + Level 0.2 Bows
 + Level 0.2 Crossbows
 + Level 0.2 Throwing
 + Level 4.4 Armour
 + Level 2.4 Dodging
 + Level 0.2 Stealth
 + Level 0.2 Shields
 + Level 0.2 Unarmed Combat
 + Level 0.2 Spellcasting
 + Level 0.1 Conjurations
 + Level 0.1 Hexes
 + Level 0.1 Summonings
 + Level 0.1 Necromancy
 + Level 0.1 Translocations
 + Level 0.1 Transmutations
 + Level 0.1 Fire Magic
 + Level 0.1 Ice Magic
 + Level 0.1 Air Magic
 + Level 0.1 Earth Magic
 + Level 0.1 Poison Magic
 + Level 0.3 Invocations
 + Level 0.2 Evocations


You had one spell level left.
You didn't know any spells.
Your spell library was empty.

Dungeon Overview and Level Annotations

Branches:
Dungeon (1/15)

Altars:


Innate Abilities, Weirdness & Mutations

You have very sharp teeth.
Your uncanny sense of smell can sniff out nearby items.
Your experience applies equally to all skills.


Message History

You hit the quokka.
The quokka is severely wounded.
The kobold throws a stone.
The stone hits you.
You barely miss the quokka.
The quokka is severely wounded.
The quokka bites you.
You hit the quokka.
You kill the quokka!
You have reached level 2!
A kobold is nearby!
The kobold throws a stone.
The stone misses you.
You completely miss the kobold. The kobold barely misses you.
You hit the kobold but do no damage.
The kobold is poisoned.
You hit the kobold. You freeze the kobold.
The kobold is heavily wounded.
A bat comes into view.
The kobold barely misses you.
You hit the kobold. You burn the kobold.
You kill the kobold!
You hit the bat but do no damage.
The bat changes into a glowing shapeshifter!
Xom thinks this is hilarious!
The glowing shapeshifter changes into a redback!
You hit the redback but do no damage. You hit the redback.
The redback is poisoned.
The redback is lightly wounded.
The redback changes into a deep troll!
You hit the deep troll but do no damage.
Your bite misses the deep troll.
You hit the deep troll but do no damage.
The deep troll goes berserk!
The deep troll barely misses you.
The deep troll claws you but does no damage.
The deep troll claws you.
You hit the deep troll but do no damage.
You drain the deep troll.
The deep troll is lightly wounded.
The deep troll bites you. The deep troll claws you!
Ouch! That really hurt!
You die...
Xom chuckles heartily!

#.#
..###########.#
#.............#
###.###.#######
#∆ #...#
#.###.#.#
#.#...#.#
#.T.....#
#..##@#†###
##..).#.#
#.####.# # #.#
#.# #.# #.#


You could see a deep troll shaped shifter (berserk, drained).

Vanquished Creatures
  An endoplasm (D:1)
  A goblin (D:1)
  A kobold (D:1)
  2 quokkas (D:1)
  A bat (D:1)
  A frilled lizard (D:1)
7 creatures vanquished.

Notes
Turn   | Place    | Note
-------+----------+-------------------------------------------
     0 | D:1      | Ablot the Gnoll Chaos Knight began the quest for the Orb.
     0 | D:1      | Reached XP level 1. HP: 23/23 MP: 1/1
   139 | D:1      | XOM: potion effect (haste)
   179 | D:1      | Reached XP level 2. HP: 24/29 MP: 2/2
   185 | D:1      | Noticed a glowing shapeshifter
   185 | D:1      | a bat changed into a glowing shapeshifter
   185 | D:1      | Noticed a redback
   185 | D:1      | a glowing shapeshifter changed into a redback
   187 | D:1      | Noticed a deep troll
   187 | D:1      | a redback changed into a deep troll
   190 | D:1      | Slain by a deep troll (glowing shapeshifter)

Illustrated notes

Levels and vault maps discovered:
D:1:      dpeg_arrival_snail, layout_basic

Action                   || total
-------------------------++-------
Melee: Short sword       ||    20
       Bite              ||     1
Armor: Leather armour    ||     2
Dodge: Dodged            ||     8
